 Dungeon Crawl Stone Soup version 0.27.1-34-g3ba077fa99 (webtiles) character file.

Game seed: 735298200769814196

2600 styxcanada the Covert (level 9, -6/44 (45) HPs)
             Began as a Spriggan Brigand on Jan 25, 2022.
             Was an Initiate of Gozag.
             Killed by divine providence
             ... invoked by an orc priest
              (14 damage)
             ... on level 7 of the Dungeon.
             The game lasted 00:37:29 (9659 turns).

styxcanada the Covert (Spriggan Brigand)            Turns: 9659, Time: 00:37:30

HP:   -6/44 (45)    AC:  5    Str:  7    XL:     9   Next: 33%
MP:   10/10         EV: 21    Int: 13    God:    Gozag
Gold: 827           SH:  0    Dex: 19    Spells: 8/8 levels left

rFire    . . .     SeeInvis +   a - +2 dagger
rCold    . . .     Faith    .   (shield restricted)
rNeg     . . .     Spirit   .   b - +0 robe
rPois    .         Reflect  .   (helmet restricted)
rElec    .         Harm     .   o - +2 cloak {rCorr}
rCorr    +         Rampage  .   (gloves unavailable)
Will     +....                  (boots unavailable)
Stlth    +++++.....             (no amulet)
HPRegen  0.14/turn              k - +4 ring of slaying
MPRegen  0.12/turn              (no ring)

@: gold aura, lightly drained, very quick
A: very small, no large weapons, unfitting armour, see invisible, speed 3
a: Renounce Religion, Potion Petition, Call Merchant, Bribe Branch


You were on level 7 of the Dungeon.
You worshipped Gozag.
Gozag was pleased with you.
You visited 1 branch of the dungeon, and saw 7 of its levels.

You collected 1013 gold pieces.
You spent 108 gold pieces at shops.
You paid 78 gold pieces to Gozag.

Inventory:

Hand Weapons
 a - a +2 dagger (weapon)
 n - a +2 quarterstaff of chaos
 p - a +0 hunting sling of freezing
Missiles
 d - 12 poisoned darts (quivered)
 e - 2 curare-tipped darts
 f - 239 stones
 h - 74 sling bullets
 m - 4 boomerangs
Armour
 b - a +0 robe (worn)
 o - a +2 cloak of preservation (worn)
Jewellery
 k - a +4 ring of slaying (left hand)
Wands
 i - a wand of flame (1)
Scrolls
 q - 2 scrolls of fog
 r - a scroll of enchant armour
 v - 2 scrolls of teleportation
Potions
 c - 5 potions of brilliance
 g - 3 potions of curing
 j - a potion of cancellation
 l - 5 potions of might
 s - a potion of berserk rage {unknown}
 t - 2 potions of invisibility {unknown}
 u - 2 potions of ambrosia {unknown}
 w - a potion of attraction {unknown}


   Skills:
 * Level 4.1 Fighting
 + Level 4.5 Short Blades
 + Level 5.2(6.2) Slings
 + Level 4.4(5.2) Throwing
 * Level 6.5 Dodging
 * Level 11.7 Stealth
 * Level 5.5 Evocations


You had 8 spell levels left.
You didn't know any spells.
Your spell library contained the following spells:

 Spells                   Type           Power      Damage    Failure   Level
 Animate Dead             Necr           0%         N/A       97%         4
 Borgnjor's Vile Clutch   Necr/Erth      0%         N/A       100%        5
 Death Channel            Necr           0%         N/A       100%        6


Dungeon Overview and Level Annotations

Branches:
Dungeon (7/15)             Temple (0/1) D:4

Altars:
Cheibriados
Gozag
Ru
Xom
Yredelemnul

Shops:
D:1 (   D:4 *   D:7 =

Annotations:
D:7 Joseph, Menkaure


Innate Abilities, Weirdness & Mutations

You are very small and have problems with some larger weapons.
You are too small for most types of armour.
You have supernaturally acute eyesight. (SInv)
You cover ground extremely quickly. (Speed+++)


Message History

Throw: 11 darts (poison)
Press: ? - help, Q - select action, (/) - cycle Shift-Dir - straight line, f/p - orc
Aim: an orc, wielding a +0 club (asleep, 98% to hit)
You throw a poisoned dart. The poisoned dart hits the orc!
The orc is poisoned.
The orc shouts!
Throw: 10 darts (poison)
Press: ? - help, Q - select action, (/) - cycle Shift-Dir - straight line, f/p - orc
Aim: an orc, wielding a +0 club (very poisoned, 69% to hit)
You throw a poisoned dart. The poisoned dart hits the orc.
The orc looks even sicker.
You kill the orc!
You now have 827 gold pieces (gained 7).
You see here a +0 club.
d - 12 poisoned darts (gained 3)
An orc comes into view. It is wielding a +0 dagger.
The orc moves out of view.
An orc comes into view. It is wielding a +0 trident.
An orc priest and an orc wizard come into view.
The orc priest shouts!
The orc shouts!
You hit the orc.
The orc is severely wounded.
The orc wizard shouts!
The orc misses you.
The orc priest mumbles some strange prayers to Beogh against you.
Beogh smites you!
The orc wizard shouts!
You hit the orc.
You kill the orc!
The orc wizard gestures wildly while chanting.
The orc wizard flickers and vanishes for a moment.
The orc priest hits you from afar with a +0 trident!
The orc throws a boomerang.
The boomerang misses you.
The orc priest mumbles some strange prayers to Beogh against you.
Beogh smites you!
* * * LOW HITPOINT WARNING * * *
The orc throws a boomerang.
The boomerang closely misses you.
The orc priest mumbles some strange prayers to Beogh against you.
Beogh smites you!
You die...
Your body crumbles into a pile of gold.

#### ##### #.. # ....#
#.# .# ###.#
######.#####.## ###.####
#.....@.......#
.......####.####........#
.##.##......# #....o.o.#
.##.######### #....$...#
....# #...o....# .####
#........# .# #....o...#
.# #####o#### .# .#


You could see 2 orc priests, 2 orc wizards and an orc.

Vanquished Creatures
  Pikel (D:5)
  A troll (D:5)
  The ghost of bearfacebrad the Poker, an amateur HuFi (D:5)
  2 water moccasins
  A sky beast (D:5)
  A centaur (D:6)
  2 ogres
  2 phantoms (D:5)
  Blork the orc (D:6)
  A wyvern zombie (D:5)
  A scorpion (D:6)
  A water moccasin zombie (D:6)
  A water moccasin skeleton (D:5)
  A howler monkey (D:5)
  2 wights
  A bullfrog zombie (D:6)
  4 hounds
  Crazy Yiuf (D:2)
  An orc wizard (D:6)
  Natasha (twice) (D:2)
  5 iguanas
  Terence (D:3)
  2 howler monkey zombies
  7 adders
  3 gnolls (D:3)
  2 shadow imps
  2 ufetubi (D:5)
  3 worms
  3 adder skeletons
  2 dart slugs
  16 orcs
  7 bats
  7 endoplasms
  4 giant cockroaches (D:1)
  6 goblins
  4 hobgoblins
  A quokka (D:1)
  4 ball pythons
  A frilled lizard (D:3)
  6 kobolds
  3 rats
117 creatures vanquished.

Notes
Turn   | Place    | Note
-------+----------+-------------------------------------------
     0 | D:1      | styxcanada the Spriggan Brigand began the quest for the
                  | Orb.
     0 | D:1      | Reached XP level 1. HP: 10/10 MP: 2/2
    10 | D:1      | Reached skill level 6 in Stealth
   144 | D:1      | Reached XP level 2. HP: 13/14 MP: 3/3
   602 | D:1      | Reached skill level 7 in Stealth
   739 | D:1      | Found Itim's Weapon Shoppe.
  1112 | D:2      | Reached XP level 3. HP: 11/18 MP: 4/4
  1508 | D:2      | Found a runed translucent door.
  1509 | D:2      | Noticed Crazy Yiuf
  1516 | D:2      | Killed Crazy Yiuf
  1517 | D:2      | Reached XP level 4. HP: 23/23 MP: 5/5
  1573 | D:2      | Noticed Natasha
  1592 | D:2      | Killed Natasha
  1593 | D:2      | Reached skill level 8 in Stealth
  2064 | D:2      | Noticed Natasha
  2073 | D:2      | Killed Natasha
  2727 | D:3      | Reached XP level 5. HP: 26/26 MP: 6/6
  2730 | D:3      | Noticed Terence
  2963 | D:3      | Killed Terence
  3156 | D:3      | Found an opulent altar of Gozag.
  3163 | D:3      | Became a worshipper of Gozag Ym Sagoz the Greedy
  3815 | D:3      | Found a shimmering altar of Xom.
  3815 | D:3      | Found a basalt altar of Yredelemnul.
  4159 | D:4      | Noticed an ogre
  4162 | D:4      | Killed an ogre
  4163 | D:4      | Reached skill level 1 in Slings
  4163 | D:4      | Reached skill level 9 in Stealth
  4163 | D:4      | Reached skill level 1 in Evocations
  4163 | D:4      | Reached XP level 6. HP: 32/32 MP: 7/7
  4206 | D:4      | Found a staircase to the Ecumenical Temple.
  4229 | D:4      | Found Apeoc's Assorted Antiques.
  4255 | D:4      | Bought a scroll labelled EJO ABUMAHI for 19 gold pieces
  4255 | D:4      | Bought a fizzy inky potion for 17 gold pieces
  4255 | D:4      | Bought 2 metallic emerald potions for 34 gold pieces
  4255 | D:4      | Bought a scroll labelled JYNOACWEWEPP for 19 gold pieces
  4255 | D:4      | Bought a scroll labelled WANENW WONOI for 19 gold pieces
  4502 | D:4      | Noticed a water moccasin
  4508 | D:4      | Killed a water moccasin
  4952 | D:5      | Entered Level 5 of the Dungeon
  5032 | D:5      | Noticed Pikel
  5052 | D:5      | Noticed a sky beast
  5059 | D:5      | Killed a sky beast
  5060 | D:5      | Reached XP level 7. HP: 11/35 MP: 8/8
  5065 | D:5      | Found a runed translucent gate.
  5066 | D:5      | Found a runed translucent gate.
  5066 | D:5      | Found an opulent altar of Gozag.
  5067 | D:5      | Found a runed translucent gate.
  5069 | D:5      | Noticed bearfacebrad's ghost (amateur HuFi)
  5072 | D:5      | Noticed a troll
  5195 | D:5      | Reached skill level 10 in Stealth
  5955 | D:5      | Killed Pikel
  5956 | D:5      | Reached skill level 5 in Dodging
  5956 | D:5      | Reached XP level 8. HP: 29/40 MP: 9/9
  6648 | D:5      | Found a sacrificial altar of Ru.
  6755 | D:5      | Reached skill level 11 in Stealth
  6799 | D:5      | Killed a troll
  6833 | D:5      | Killed bearfacebrad's ghost
  6834 | D:5      | Reached skill level 5 in Slings
  7065 | D:6      | Reached skill level 5 in Evocations
  7065 | D:6      | Reached XP level 9. HP: 35/45 MP: 10/10
  7428 | D:6      | Found a snail-covered altar of Cheibriados.
  7907 | D:6      | Noticed Blork the orc
  7941 | D:6      | Killed Blork the orc
  8293 | D:7      | Noticed Joseph
  8303 | D:7      | Noticed Menkaure
  9554 | D:7      | Found Ciocoivu's Jewellery Emporium.
  9659 | D:7      | Killed from afar by an orc priest

Illustrated notes

Levels and vault maps discovered:
D:1:      psy_arrival_whirlpool, layout_basic, serial_shops, shop_coins
D:2:      layout_rooms, serial_co_window_serial, co_window_of_opportunity_a,
          co_window_paths_a, co_window_corner_a, co_window_of_opportunity_a,
          co_window_of_opportunity_a, co_window_of_opportunity_b,
          co_window_paths_c, co_window_broadway_b, co_window_corner_b,
          co_window_unsneaky_path_e, co_window_corner_b, co_window_broadway_a,
          glass_columns_a, glass_columns_a, glass_columns_b, glass_columns_a,
          glass_columns_b, grunt_ministairs_11, uniq_natasha,
          uniq_crazy_yiuf_cottage
D:3:      wad_river_or_something, layout_basic, nicolae_gozag_seed_capital,
          gammafunk_temple_overflow_wave, grunt_decor_fettered, minivault_14,
          chequers_serial_rivers_room_b, uniq_terence
D:4:      layout_gridville, minmay_temple_entry_arrows, serial_shops,
          nicolae_shop_trees, chequers_avenue
D:5:      layout_gridville, nicolae_ru_path_of_blood, ebering_ghost_gozag,
          hangedman_abyss_or_decor_jellyfish_corner, grunt_ministairs_10,
          uniq_pikel
D:6:      layout_loops_ring, slow_altar_1, uniq_blork_the_orc
D:7:      layout_loops_cross, lightli_temple_of_fire, serial_shops, shop,
          uniq_joseph, uniq_menkaure

Skill      XL: |  1  2  3  4  5  6  7  8  9 |
---------------+----------------------------+-----
Stealth        | 6 7 8 9 10 11 | 11.7
Dodging        | 2 3 4 5 6 |  6.5
Fighting       | 2 3 4 |  4.1
Slings         | 1 4 5 |  5.2
Evocations     | 1 2 4 5 |  5.5
Short Blades   | 3 4 |  4.5
Throwing       | 3 4 |  4.4

Action                   |  1- 3 |  4- 6 |  7- 9 || total
-------------------------+-------+-------+-------++-------
Melee: Dagger            |    56 |    97 |   179 ||   332
 Fire: Hunting sling     |       |    14 |    49 ||    63
Throw: Dart              |    14 |    22 |    62 ||    98
       Stone             |       |     2 |     1 ||     3
Evoke: Wand              |       |       |    20 ||    20
  Use: Scroll            |       |    10 |     2 ||    12
       Potion            |       |       |     1 ||     1
 Stab: Sleeping          |     9 |    13 |     6 ||    28
       Distracted        |     1 |       |     2 ||     3
Armor: Robe              |     9 |    12 |    16 ||    37
Dodge: Dodged            |    30 |    71 |   141 ||   242
